cohdb
Replays
Latest Replays
All Replays
Popular Replays
Top Player Replays
Match Explorer
How It Works
Community
CoH3 Stats
Reddit
Sign in to upload your games and track your stats! →
Sign in with Steam
Match 47248622
Unlisted
Match 47248622
Overview
Messages
Build Orders
End
Scout Squad
Construct Weapon Support Center
Selects Heavy Weapons
Selects Heavy Weapons
Engineer Squad
M1919 Machine Gun Team
Bazooka Squad
Infantry Support Center
Selects Assault Carriers
M3 Assault Carrier
Engineer Squad
Bazooka Squad
Improved M9 Bazooka Rockets
Selects M2HB .50cal Heavy Machine Gun
Construct Motor Pool
Bazooka Squad
M1919 Machine Gun Team
Construct Medical Station
Advanced Logistics
M1 Anti-tank Gun Team
M3 Assault Carrier
Selects Rapid Reposition
Selects Bolstered Team Weapons
M1919 Machine Gun Team
Survival Training
Logan5
烧花鸭烧雏鸡儿烧子鹅
0
0
Comments
sign in to comment!
No comments posted yet!